 Dungeon Crawl Stone Soup version 0.17.1-2-g5865329 (webtiles) character file.

399 ImaNewbie the Spear-Bearer (level 6, -3/47 HPs)
             Began as a Merfolk Berserker on Jan 26, 2016.
             Was a Believer of Trog.
             Slain by a yak (7 damage)
             ... on level 3 of the Dungeon.
             The game lasted 00:08:04 (3524 turns).

ImaNewbie the Spear-Bearer (Merfolk Berserker)      Turns: 3524, Time: 00:08:04

Health: -3/47      AC:  2    Str: 19      XL:     6   Next: 84%
Magic:  6/6        EV: 18    Int:  6      God:    Trog [**....]
Gold:   161        SH:  0    Dex: 18 (19) Spells: 0 memorised, 5 levels left

rFire  . . .     SeeInvis .     a - +0 spear
rCold  . . .     Clarity  .     t - +0 animal skin
rNeg   . . .     SustAt   .     (no shield)
rPois  .         Gourm    .     (no helmet)
rElec  .         Spirit   .     (no cloak)
rCorr  +         Warding  .     (no gloves)
rMut   .         Stasis   .     (no boots)
MR     .....                    j - amulet of resist corrosion
Stlth  +++.......               (no ring)
                                o - ring of invisibility

@: agile, exhausted, about to teleport, slowed, very slow, not resistant to
hostile enchantments, fairly stealthy
A: change form in water, swift swim
a: Berserk, Trog's Hand, Burn Spellbooks, Renounce Religion, Evoke Invisibility


You were on level 3 of the Dungeon.
You worshipped Trog.
Trog was pleased with you.
You were very hungry.

You visited 1 branch of the dungeon, and saw 4 of its levels.

You collected 161 gold pieces.

Inventory:

Hand Weapons
 a - a +0 spear (weapon)
 b - a +0 blowgun
Missiles
 q - 24 poisoned needles
Armour
 d - a +0 buckler
 t - a +0 animal skin (worn)
Jewellery
 j - an amulet of resist corrosion (around neck)
 o - a ring of invisibility (left hand)
Scrolls
 e - 3 scrolls of remove curse
 f - 4 scrolls of identify
 g - a scroll of teleportation
Comestibles
 c - a bread ration
 s - 2 meat rations


   Skills:
 - Level 3.2 Fighting
 + Level 10.6 Polearms
 - Level 1.3 Armour
 - Level 2.6 Dodging


You had 5 spell levels left.
You didn't know any spells.

Dungeon Overview and Level Annotations

Branches:
Dungeon (4/15)
 Temple: D:4-7

Altars:
Gozag
Sif Muna


Message History

The yak barely misses you.
There is an open door here.
The yak barely misses you.
There is a stone staircase leading up here.
The yak gores you!
* * * LOW HITPOINT WARNING * * *
You climb upwards.
There is a stone staircase leading down here.
Unknown command.
Drink which item? (? for menu, Esc to quit)
You feel agile all of a sudden. The yak completely misses you.
The yak closely misses you.
You aren't carrying any potions.
Read which item? (? for menu, Esc to quit)
Okay, then.
You aren't carrying any potions.
Read which item? (? for menu, Esc to quit)
As you read the scroll of teleportation, it crumbles to dust.
You feel strangely unstable. The yak gores you!
You die...

#######.#####.##.###.#
#.# #.# #....# #.# #.#
#.#
####.###.########.#
##### #.#
#..............#
.(..###.#
#.#.##.#########
........# #.#.##.#
###.###.#### #.#.##.#
# #........# #Y#.##.#
#######.##.# #@#.##.#
......####### #.#.##.#
#######≈≈≈≈≈##
#.#.##.# # #≈≈≈≈≈≈≈#
#.#.##.# #≈≈...≈≈#
#.#.##.########### ###
#≈≈._.≈≈#
#.#.##...........# ).#
#≈≈...≈≈#
#.#.############.# #.#
#≈≈≈.≈≈≈# #.#.# #.#
#(# ##≈≈.≈≈## #.#.#
#.#


You could see a yak.

Vanquished Creatures
  2 yaks (D:4)
  5 adders
  A worm (D:3)
  2 giant geckos
  An orc (D:3)
  3 giant cockroaches (D:3)
  9 hobgoblins
  2 ball pythons (D:2)
  6 bats
  2 giant newts (D:3)
  10 goblins
  12 jackals
  9 kobolds
  3 rats
67 creatures vanquished.

Notes
Turn   | Place    | Note
--------------------------------------------------------------
     0 | D:1      | ImaNewbie the Merfolk Berserker began the quest for the Orb.
     0 | D:1      | Reached XP level 1. HP: 18/18 MP: 1/1
   232 | D:1      | Reached skill level 5 in Polearms
   286 | D:1      | Reached XP level 2. HP: 24/24 MP: 2/2
   937 | D:2      | Reached XP level 3. HP: 21/29 MP: 3/3
   941 | D:2      | Reached skill level 6 in Polearms
  1206 | D:2      | Found a faded altar to an unknown god.
  1983 | D:2      | Found an opulent altar of Gozag.
  2146 | D:2      | Reached ** piety under Trog
  2312 | D:3      | Reached skill level 7 in Polearms
  2312 | D:3      | Reached XP level 4. HP: 32/35 MP: 4/4
  3209 | D:3      | Found a deep blue altar of Sif Muna.
  3352 | D:3      | Reached skill level 8 in Polearms
  3352 | D:3      | Reached XP level 5. HP: 41/41 MP: 5/5
  3492 | D:4      | Noticed a yak
  3497 | D:4      | Noticed a yak
  3497 | D:4      | Noticed a yak
  3504 | D:4      | Killed a yak
  3504 | D:4      | Reached skill level 9 in Polearms
  3504 | D:4      | Reached XP level 6. HP: 40/47 MP: 6/6
  3507 | D:4      | Noticed a yak
  3508 | D:4      | Noticed a yak
  3517 | D:4      | Killed a yak
  3517 | D:4      | Reached skill level 10 in Polearms
  3524 | D:3      | Slain by a yak

Action                   |  1- 3 |  4- 6 || total
-------------------------+-------+-------++-------
Melee: Spear             |   150 |   147 ||   297
Invok: Berserk           |     1 |     1 ||     2
  Use: Scroll            |     7 |     1 ||     8
       Potion            |       |     7 ||     7
 Stab: Sleeping          |       |     2 ||     2
  Eat: Chunk             |     5 |     4 ||     9
